 Dungeon Crawl Stone Soup version 0.17-a0-1900-g45e8110 (webtiles) character file.

138 Aclu the Chopper (level 5, -3/42 HPs)
             Began as a Human Berserker on Sept 24, 2015.
             Was a Believer of Trog.
             Splashed by a jelly's acid (7 damage)
             ... on level 6 of the Dungeon.
             The game lasted 00:18:20 (2889 turns).

Aclu the Chopper (Human Berserker)                  Turns: 2889, Time: 00:18:27

Health: -3/42      AC: -5    Str: 17    XL:     5   Next: 45%
Magic:  0/5        EV: 10    Int:  8    God:    Trog [**....]
Gold:   136        SH:  0    Dex: 13    Spells: 0 memorised, 4 levels left

rFire  . . .     SeeInvis .     y - +0 battleaxe
rCold  . . .     Clarity  .     p - +0 scale mail
rNeg   . . .     SustAt   .     (no shield)
rPois  .         Gourm    .     (no helmet)
rElec  .         Spirit   +     (no cloak)
rCorr  .         Warding  .     (no gloves)
rMut   .         Stasis   .     (no boots)
MR     .....                    G - amulet of guardian spirit
Stlth  +.........               (no ring)
                                (no ring)

@: corroded equipment, not resistant to hostile enchantments, very unstealthy
A: no striking features
a: Burn Spellbooks, Berserk, Trog's Hand, Renounce Religion


You were on level 6 of the Dungeon.
You worshipped Trog.
Trog was pleased with you.
You were not hungry.

You visited 2 branches of the dungeon, and saw 7 of its levels.

You collected 136 gold pieces.

Inventory:

Hand weapons
 a - a +0 hand axe
 g - a +0 whip
   (You took it off a kobold on level 1 of the Dungeon)
 q - a +0 short sword
   (You took it off a kobold on level 2 of the Dungeon)
 y - a +0 battleaxe (weapon)
   (You found it on level 4 of the Dungeon)
Missiles
 k - 121 stones (quivered)
 u - 14 poisoned needles
Armour
 p - a +0 scale mail (worn)
   (You found it on level 2 of the Dungeon)
Jewellery
 t - an uncursed ring of sustain attributes {unknown}
   (You found it on level 3 of the Dungeon)
 x - an uncursed ring of sustain attributes {unknown}
   (You found it on level 3 of the Dungeon)
 G - an amulet of guardian spirit (around neck)
   (You found it on level 1 of the Dungeon)
Magical devices
 e - a wand of invisibility (3)
   (You found it on level 6 of the Dungeon)
 o - a wand of polymorph (4)
   (You found it on level 6 of the Dungeon)
Scrolls
 d - 2 scrolls of identify
 n - a scroll of teleportation
 s - a scroll of blinking {unknown}
Potions
 f - a potion of brilliance {unknown}
 l - a potion of agility
 m - a potion of magic
 r - a potion of mutation {unknown}
 v - a potion of lignification {unknown}
 z - a potion of might
Comestibles
 b - a royal jelly
 c - 6 bread rations
 h - 5 chunks of flesh
 i - 2 fruits
 j - 2 beef jerkies
 w - a meat ration


   Skills:
 + Level 3.8 Fighting
 + Level 4.0 Axes
 - Level 2.0 Armour
 + Level 3.0 Dodging
 * Level 2.2 Stealth


You had 4 spell levels left.
You didn't know any spells.

Dungeon Overview and Level Annotations

Branches:
Dungeon (7/15)             Temple (1/1) D:6

Altars:
Cheibriados
Elyvilon
Fedhas
Gozag
Kikubaaqudgha
Makhleb
Nemelex Xobeh
Okawaru
Qazlal
Ru
Sif Muna
Vehumet
Yredelemnul
Zin

Annotations:
D:2 exclusion: downstairs
D:3 Grinder
D:6 exclusion: downstairs


Message History

You hit the orc but do no damage. The orc misses you.
You slash the orc!
You kill the orc!
Trog accepts your kill.
You see here a flail.
r - a fizzy sapphire potion
Found a stone staircase leading down.
s - a scroll labeled DOZXAU VEHETUXT
There is a stone staircase leading down here.
You climb downwards.
There is a stone staircase leading up here.
Found a sparkling altar of Nemelex Xobeh.
There is a stone staircase leading up here.
You climb upwards.
Level annotation: exclusion: downstairs
There is a stone staircase leading down here.
A jelly comes into view.
Throwing (i - inventory):
k - 124 stones (quivered)
Press: ? - help, Shift-Dir - straight line, f - jelly
Aim: a jelly You throw a stone.
The stone hits the jelly.
The jelly is lightly wounded.
Throwing (i - inventory):
k - 123 stones (quivered)
Press: ? - help, Shift-Dir - straight line, f/p - jelly
Aim: a jelly (lightly wounded)
You throw a stone. The stone barely misses the jelly.
Throwing (i - inventory):
k - 122 stones (quivered)
Press: ? - help, Shift-Dir - straight line, f/p - jelly
Aim: a jelly (lightly wounded)
You throw a stone. The stone hits the jelly.
The jelly is lightly wounded.
You hit the jelly but do no damage. The acid corrodes you!
Your hands burn!
The jelly is lightly wounded.
The jelly barely misses you.
You hit the jelly.
Your hands burn!
The jelly is moderately wounded.
The jelly hits you.
You are splashed with acid!
The acid burns!
The jelly hits you.
You are splashed with acid!
The acid corrodes you!
The acid burns!
You hit the jelly.
Your hands burn!
* * * LOW HITPOINT WARNING * * *
The jelly is heavily wounded.
The jelly barely misses you.
You hit the jelly but do no damage.
Your hands burn!
* * * LOW HITPOINT WARNING * * *
The jelly is heavily wounded.
The jelly hits you.
* * * LOW HITPOINT WARNING * * *
You are splashed with acid!
The acid corrodes you!
The acid burns!
You die...

# #.#
##.##.###.#...#####.##.
#######.#######.###.#...#
#.# .
....................#.....
..# .
######....##.##.####.......
... .
#....+.............###
#....##.##.######..#
#....##.##....# ..#
##..###.##....##..... #..#
#.##.@......... #..#
#.##.J....... ..#
#.##.(####... #. #..# ..
..(. . .##.# . #.# . #.#


You could see a jelly.

Vanquished Creatures
  Monster Symbol All '5'
  A crimson imp (D:6)
1 creature vanquished. All 'J' An ooze (D:1)
1 creature vanquished. All 'K' 9 kobolds (D:1 D:2)
9 creatures vanquished. All 'S' An adder (D:2)
1 creature vanquished. All 'b' 5 bats (D:1 D:2 D:3)
5 creatures vanquished. All 'g' 8 hobgoblins (D:1 D:2 D:3) 11 goblins (D:1 D:2 D:3)
19 creatures vanquished. All 'h' 3 jackals (D:6)
3 creatures vanquished. All 'l' 2 giant geckos (D:1 D:4) 4 giant newts (D:3 D:2)
6 creatures vanquished. All 'o' An orc wizard (D:4) 2 orcs (D:3 D:6)
3 creatures vanquished. All 'r' 3 quokkas (D:2 D:4) 7 rats (D:1 D:3 D:2)
10 creatures vanquished. All 's' 2 giant cockroaches (D:1 D:3)
2 creatures vanquished. All 'w' A worm (D:4)
1 creature vanquished.
61 creatures vanquished. Monster Nature Natural Monsters An orc wizard (D:4) An adder (D:2) An ooze (D:1) A worm (D:4) 2 giant geckos (D:1 D:4) 2 orcs (D:3 D:6) 2 giant cockroaches (D:1 D:3) 8 hobgoblins (D:1 D:2 D:3) 3 jackals (D:6) 9 kobolds (D:1 D:2) 3 quokkas (D:2 D:4) 5 bats (D:1 D:2 D:3) 4 giant newts (D:3 D:2) 11 goblins (D:1 D:2 D:3) 7 rats (D:1 D:3 D:2)
60 creatures vanquished. Demonic Monsters A crimson imp (D:6)
1 creature vanquished.
61 creatures vanquished. Ascending Order A crimson imp (D:6) An orc wizard (D:4) An adder (D:2) An ooze (D:1) A worm (D:4) 2 giant geckos (D:1 D:4) 2 orcs (D:3 D:6) 2 giant cockroaches (D:1 D:3) 3 quokkas (D:2 D:4) 3 jackals (D:6) 4 giant newts (D:3 D:2) 5 bats (D:1 D:2 D:3) 7 rats (D:1 D:3 D:2) 8 hobgoblins (D:1 D:2 D:3) 9 kobolds (D:1 D:2) 11 goblins (D:1 D:2 D:3)
61 creatures vanquished.

Notes
Turn   | Place    | Note
--------------------------------------------------------------
     0 | D:1      | Aclu the Human Berserker began the quest for the Orb.
     0 | D:1      | Reached XP level 1. HP: 18/18 MP: 1/1
   301 | D:1      | Reached XP level 2. HP: 18/24 MP: 2/2
   626 | D:1      | Reached XP level 3. HP: 27/29 MP: 3/3
   639 | D:1      | Acquired Trog's second power
   835 | D:3      | Noticed Grinder
   909 | D:2      | Found a stormy altar of Qazlal.
  1144 | D:2      | Reached skill level 1 in Stealth
  1445 | D:2      | Reached XP level 4. HP: 32/35 MP: 4/4
  2209 | D:4      | Reached skill level 2 in Stealth
  2214 | D:4      | Reached XP level 5. HP: 20/42 MP: 5/5
  2412 | D:4      | You fall through a shaft for 2 floors!
  2412 | D:6      | Found a staircase to the Ecumenical Temple.
  2419 | Temple   | Entered the Ecumenical Temple
  2671 | D:6      | Reached skill level 3 in Dodging
  2683 | D:7      | Noticed a brown ugly thing
  2755 | D:6      | Reached skill level 4 in Axes
  2839 | D:7      | Found a sparkling altar of Nemelex Xobeh.
  2888 | D:6      | HP: 10/42 [acid (4)]
  2889 | D:6      | HP: 4/42 [jelly (2)]
  2889 | D:6      | Splashed by a jelly's acid

Vault maps used:
D:1:      tarquinn_simple_flora_water_e, minmay_misc_feat_roman,
          kennysheep_decorative_pillar
D:2:      lemuel_round_altar, minivault_19
D:3:      uniq_grinder, uniq_iyjb
D:4:      tso_altar
D:6:      minmay_temple_entry_butterflies
D:7:      gammafunk_temple_overflow_claw,
          nicolae_dithmenos_through_a_glass_darkly,
          nemelex_xobeh_ov_fountains_minmay
Temple:   nicolae_temple_figure_eight

Action                   |  1- 3 |  4- 6 || total
-------------------------+-------+-------++-------
Melee: Hand axe          |   106 |    62 ||   168
       Battleaxe         |       |    45 ||    45
Throw: Stone             |     1 |     3 ||     4
  Use: Scroll            |     1 |     5 ||     6
       Potion            |       |     3 ||     3
 Stab: Sleeping          |     1 |       ||     1
  Eat: Chunk             |     1 |     3 ||     4
       Fruit             |     1 |       ||     1
       Pizza             |       |     1 ||     1
Dungeon Crawl Stone Soup version 0.17-a0-1900-g45e8110 (webtiles) character file. 138 Aclu the Chopper (level 5, -3/42 HPs) Began as a Human Berserker on Sept 24, 2015. Was a Believer of Trog. Splashed by a jelly's acid (7 damage) ... on level 6 of the Dungeon. The game lasted 00:18:20 (2889 turns). Dungeon Overview and Level Annotations Branches: Dungeon (7/15) Temple (1/1) D:6 Altars: Cheibriados Elyvilon Fedhas Gozag Kikubaaqudgha Makhleb Nemelex Xobeh Okawaru Qazlal Ru Sif Muna Vehumet Yredelemnul Zin Annotations: D:2 exclusion: downstairs D:3 Grinder D:6 exclusion: downstairs Aclu the Chopper (Human Berserker) Turns: 2889, Time: 00:18:27 Health: -3/42 AC: -5 Str: 17 XL: 5 Next: 45% Magic: 0/5 EV: 10 Int: 8 God: Trog [**....] Gold: 136 SH: 0 Dex: 13 Spells: 0 memorised, 4 levels left rFire . . . SeeInvis . y - +0 battleaxe rCold . . . Clarity . p - +0 scale mail rNeg . . . SustAt . (no shield) rPois . Gourm . (no helmet) rElec . Spirit + (no cloak) rCorr . Warding . (no gloves) rMut . Stasis . (no boots) MR ..... G - amulet of guardian spirit Stlth +......... (no ring) (no ring) @: corroded equipment, not resistant to hostile enchantments, very unstealthy A: no striking features a: Burn Spellbooks, Berserk, Trog's Hand, Renounce Religion Skills: + Level 3.8 Fighting + Level 4.0 Axes - Level 2.0 Armour + Level 3.0 Dodging * Level 2.2 Stealth You had 4 spell levels left. You didn't know any spells. You were on level 6 of the Dungeon. You worshipped Trog. Trog was pleased with you. You were not hungry. You visited 2 branches of the dungeon, and saw 7 of its levels. You collected 136 gold pieces. You could see a jelly. Message History You hit the orc but do no damage. The orc misses you. You slash the orc! You kill the orc! Trog accepts your kill. You see here a flail. r - a fizzy sapphire potion Found a stone staircase leading down. s - a scroll labeled DOZXAU VEHETUXT There is a stone staircase leading down here. You climb downwards. There is a stone staircase leading up here. Found a sparkling altar of Nemelex Xobeh. There is a stone staircase leading up here. You climb upwards. Level annotation: exclusion: downstairs There is a stone staircase leading down here. A jelly comes into view. Throwing (i - inventory): k - 124 stones (quivered) Press: ? - help, Shift-Dir - straight line, f - jelly Aim: a jelly You throw a stone. The stone hits the jelly. The jelly is lightly wounded. Throwing (i - inventory): k - 123 stones (quivered) Press: ? - help, Shift-Dir - straight line, f/p - jelly Aim: a jelly (lightly wounded) You throw a stone. The stone barely misses the jelly. Throwing (i - inventory): k - 122 stones (quivered) Press: ? - help, Shift-Dir - straight line, f/p - jelly Aim: a jelly (lightly wounded) You throw a stone. The stone hits the jelly. The jelly is lightly wounded. You hit the jelly but do no damage. The acid corrodes you! Your hands burn! The jelly is lightly wounded. The jelly barely misses you. You hit the jelly. Your hands burn! The jelly is moderately wounded. The jelly hits you. You are splashed with acid! The acid burns! The jelly hits you. You are splashed with acid! The acid corrodes you! The acid burns! You hit the jelly. Your hands burn! * * * LOW HITPOINT WARNING * * * The jelly is heavily wounded. The jelly barely misses you. You hit the jelly but do no damage. Your hands burn! * * * LOW HITPOINT WARNING * * * The jelly is heavily wounded. The jelly hits you. * * * LOW HITPOINT WARNING * * * You are splashed with acid! The acid corrodes you! The acid burns! You die...

Action                   |  1- 3 |  4- 6 || total
-------------------------+-------+-------++-------
Melee: Hand axe          |   106 |    62 ||   168
       Battleaxe         |       |    45 ||    45
Throw: Stone             |     1 |     3 ||     4
  Use: Scroll            |     1 |     5 ||     6
       Potion            |       |     3 ||     3
 Stab: Sleeping          |     1 |       ||     1
  Eat: Chunk             |     1 |     3 ||     4
       Fruit             |     1 |       ||     1
       Pizza             |       |     1 ||     1
Notes Turn | Place | Note -------------------------------------------------------------- 0 | D:1 | Aclu the Human Berserker began the quest for the Orb. 0 | D:1 | Reached XP level 1. HP: 18/18 MP: 1/1 301 | D:1 | Reached XP level 2. HP: 18/24 MP: 2/2 626 | D:1 | Reached XP level 3. HP: 27/29 MP: 3/3 639 | D:1 | Acquired Trog's second power 835 | D:3 | Noticed Grinder 909 | D:2 | Found a stormy altar of Qazlal. 1144 | D:2 | Reached skill level 1 in Stealth 1445 | D:2 | Reached XP level 4. HP: 32/35 MP: 4/4 2209 | D:4 | Reached skill level 2 in Stealth 2214 | D:4 | Reached XP level 5. HP: 20/42 MP: 5/5 2412 | D:4 | You fall through a shaft for 2 floors! 2412 | D:6 | Found a staircase to the Ecumenical Temple. 2419 | Temple | Entered the Ecumenical Temple 2671 | D:6 | Reached skill level 3 in Dodging 2683 | D:7 | Noticed a brown ugly thing 2755 | D:6 | Reached skill level 4 in Axes 2839 | D:7 | Found a sparkling altar of Nemelex Xobeh. 2888 | D:6 | HP: 10/42 [acid (4)] 2889 | D:6 | HP: 4/42 [jelly (2)] 2889 | D:6 | Splashed by a jelly's acid

Table legend:
 A = Turns spent in this place as a percentage of turns spent in the entire game.
 B = Non-inter-level travel turns spent in this place as a percentage of non-inter-level travel turns spent in the entire game.
 C = Inter-level travel turns spent in this place as a percentage of turns spent in this place.
 D = Turns resting spent in this place as a percentage of non-inter-level travel turns spent in this place.
 E = Turns spent auto-exploring this place as a percentage of non-inter-level travel turns spent in this place.
 F = Non-inter-level travel turns spent in this place divided by the number of levels of this place that you've seen.
                   A       B       C       D       E      F
               +-------+-------+-------+-------+-------+----------------------
         Total | 100.0 | 100.0 |   0.0 |   1.8 |   7.7 | 149.0
       Dungeon |  95.3 |  95.3 |   0.0 |   1.9 |   6.5 | 165.7
        Temple |   4.7 |   4.7 |   0.0 |   0.0 |  30.6 |  49.0
               +-------+-------+-------+-------+-------+----------------------

Table legend:
 A = Kills in this place as a percentage of kills in entire the game.
 B = Kills by you in this place as a percentage of kills by you in the entire game.
 C = Kills by friends in this place as a percentage of kills by friends in the entire game.
 D = Other kills in this place as a percentage of other kills in the entire game.
 E = Experience gained in this place as a percentage of experience gained in the entire game.
 F = Experience gained in this place divided by the number of levels of this place that you have seen.
                   A       B       C       D       E      F
               +-------+-------+-------+-------+-------+----------------------
         Total | 100.0 | 100.0 |  -nan |  -nan | 100.0 |  28.3
       Dungeon | 100.0 | 100.0 |  -nan |  -nan | 100.0 |  33.0
               +-------+-------+-------+-------+-------+----------------------

Vault maps used:
D:1:      tarquinn_simple_flora_water_e, minmay_misc_feat_roman,
          kennysheep_decorative_pillar
D:2:      lemuel_round_altar, minivault_19
D:3:      uniq_grinder, uniq_iyjb
D:4:      tso_altar
D:6:      minmay_temple_entry_butterflies
D:7:      gammafunk_temple_overflow_claw,
          nicolae_dithmenos_through_a_glass_darkly,
          nemelex_xobeh_ov_fountains_minmay
Temple:   nicolae_temple_figure_eight
